 Dungeon Crawl Stone Soup version 0.31-a0-1074-g0b22e4e0f1 (webtiles) character file.

Game seed: 14229310293185582511

175 olourkin the Chopper (level 5, -2/42 HPs)
             Began as a Hill Orc Reaver on Dec 2, 2023.
             Slain by a gnoll
             ... wielding a +0 club
              (3 damage)
             ... on level 3 of the Dungeon.
             The game lasted 00:08:02 (2265 turns).

olourkin the Chopper (Hill Orc Reaver)              Turns: 2265, Time: 00:08:03

Health: -2/42      AC:  3    Str: 17    XL:     5   Next: 55%
Magic:  7/7        EV: 11    Int: 13    God:
Gold:   56         SH:  5    Dex:  9    Spells: 6/7 levels left

rFire   . . .        a - +2 war axe (flame)
rCold   . . .        (no shield)
rNeg    . . .        b - +0 leather armour
rPois   .            (no helmet)
rElec   .            (no cloak)
rCorr   .            (no gloves)
SInv    .            (no boots)
Will    .....        l - amulet of reflection
Stlth   +            (no ring)
HPRegen 0.27/turn    (no ring)
MPRegen 0.10/turn

%: reflection
@: no status effects
A: no striking features
a: no special abilities


You were on level 3 of the Dungeon.
You visited 1 branch of the dungeon, and saw 3 of its levels.

You collected 56 gold pieces.

Inventory:

Hand Weapons
 a - a +2 war axe of flaming (weapon)
 o - a +0 broad axe
 q - a +0 hand axe
Missiles
 e - 30 stones (quivered)
 g - 12 poisoned darts
Armour
 b - a +0 leather armour (worn)
 h - a +0 pair of gloves
Jewellery
 l - an amulet of reflection (around neck)
Scrolls
 c - 3 scrolls of identify {unknown}
 i - a scroll of enchant armour {unknown}
 m - a scroll of summoning {unknown}
 n - 2 scrolls of acquirement {unknown}
Potions
 d - a potion of enlightenment {unknown}
 j - 2 potions of heal wounds {unknown}
 k - a potion of haste {unknown}
 p - a potion of magic {unknown}


   Skills:
 - Level 2.4 Fighting
 * Level 6.6 Axes
 - Level 1.5 Dodging
 - Level 1.5 Spellcasting
 + Level 4.5 Conjurations


You had 6 spell levels left.
You knew the following spells:

 Your Spells              Type           Power      Damage    Failure   Level
y - Kiss of Death         Conj/Necr      24%        2d7       13%         1

Your spell library contained the following spells:

 Spells                   Type           Power      Damage    Failure   Level
 Momentum Strike          Conj/Tloc      12%        3d8       19%         2
 Hailstorm                Conj/Ice       6%         3d4       36%         3


Dungeon Overview and Level Annotations

Branches:
Dungeon (3/15)

Altars:


Message History

The gnoll closely misses you.
The gnoll hits you from afar with a +0 halberd!
You slash the gnoll! You burn the gnoll.
The gnoll is severely wounded.
The gnoll hits you with a +0 spear! The gnoll barely misses you.
You block the gnoll's attack. The gnoll hits you with a +0 spear.
* * * LOW HITPOINT WARNING * * *
A gnoll comes into view. It is wielding a +0 club.
You hit the gnoll. You burn the gnoll.
You kill the gnoll!
The gnoll hits you from afar with a +0 halberd!
* * * LOW HITPOINT WARNING * * *
You feel better.
The gnoll hits you from afar with a +0 halberd.
* * * LOW HITPOINT WARNING * * *
The gnoll misses you.
You barely miss the gnoll. x2; The gnoll closely misses you.
The gnoll misses you.
You slash the gnoll! You burn the gnoll.
The gnoll is severely wounded.
You hit the gnoll. You burn the gnoll. The gnoll hits you with a +0 club!
* * * LOW HITPOINT WARNING * * *
An endoplasm comes into view.
You block the gnoll's attack.
The endoplasm quivers.
You hit the gnoll. You burn the gnoll.
You kill the gnoll!
You barely miss the gnoll. The gnoll closely misses you.
You barely miss the gnoll. You hit the gnoll. You burn the gnoll.
The gnoll hits you with a +0 club.
* * * LOW HITPOINT WARNING * * *
The gnoll hits you but does no damage.
You hit the gnoll. You burn the gnoll.
The gnoll is moderately wounded.
You slash the gnoll! You burn the gnoll.
You kill the gnoll!
The gnoll hits you with a +0 club.
* * * LOW HITPOINT WARNING * * *
The gnoll hits you with a +0 club.
You die...

........
......##
........ ##
......#. ..
......# ##.
#####... ..
## #######
#.## †##
#.....# #Jg#
#.###.....#
####@####
#...).....#
#.......#
#.###.....#
#.##.##.# ..#
#.....# #
#.##.# #.#
#######
#..#.#
#.#####
#.###.#.#
#.....#
#.......#
#####.#
#########.###
# #.#
#......##.#


You could see a gnoll and an endoplasm.

Vanquished Creatures
  8 gnolls
  5 adders
  6 orcs (D:3)
  3 endoplasms (D:2)
  5 goblins
  5 hobgoblins
  A jackal (D:2)
  2 quokkas
  7 ball pythons
  6 bats
  3 frilled lizards
  9 kobolds
  4 rats
64 creatures vanquished.

Notes
Turn   | Place    | Note
-------+----------+-------------------------------------------
     0 | D:1      | olourkin the Hill Orc Reaver began the quest for the Orb.
     0 | D:1      | Reached XP level 1. HP: 18/18 MP: 3/3
   277 | D:1      | Reached XP level 2. HP: 7/25 MP: 4/4
   424 | D:1      | Found a faded altar of an unknown god.
   515 | D:1      | Reached XP level 3. HP: 28/30 MP: 5/5
   989 | D:2      | Reached skill level 5 in Axes
  1047 | D:2      | Reached XP level 4. HP: 32/37 MP: 6/6
  1457 | D:2      | Reached skill level 6 in Axes
  1457 | D:2      | Reached XP level 5. HP: 42/42 MP: 7/7
  2265 | D:3      | HP: 1/42 [gnoll/+0 club (3)]
  2265 | D:3      | Slain by a gnoll

Illustrated notes

Levels and vault maps discovered:
D:1:      wander_arrival_estate, layout_basic, ebering_ecumenical_altar_rust
D:2:      layout_loops_cross, st_stairs_4
D:3:      layout_loops_cross, dreamdust_mushroom_princess

Skill      XL: |  1  2  3  4 |
---------------+-------------+-----
Axes           | 5 6 |  6.6
Conjurations   | 4 |  4.5
Fighting       | |  2.4
Dodging        | |  1.5
Spellcasting   | |  1.5

Action                     |  1- 3 |  4- 6 || total
---------------------------+-------+-------++-------
  Melee: Hand axe          |    92 |    69 ||   161
         Broad axe         |       |    38 ||    38
         War axe           |       |    15 ||    15
         Punch             |       |     2 ||     2
  Throw: Stone             |     7 |       ||     7
   Cast: Kiss of Death     |     1 |       ||     1
    Use: Potion            |     1 |     1 ||     2
 Armour: Leather armour    |    62 |    53 ||   115
  Dodge: Dodged            |    46 |    53 ||    99
  Block: Other             |     5 |    28 ||    33

Table legend: (Time is in decaauts)
 A = Elapsed time spent in this place.
 B = Non-inter-level travel time spent in this place.
 C = Inter-level travel time spent in this place.
 D = Time resting spent in this place.
 E = Time spent auto-exploring this place.
 F = Levels seen in this place.
 G = Mean time per level.
                   A        B        C        D        E       F      G
               +--------+--------+--------+--------+--------+-----+--------+
         Total |   2286 |   2240 |     46 |    444 |   1291 |   3 |  762.0 |
       Dungeon |   2286 |   2240 |     46 |    444 |   1291 |   3 |  762.0 |
               +--------+--------+--------+--------+--------+-----+--------+

Top non-repeatable levels by time:
     D:2: 987 daAuts
     D:1: 761 daAuts
     D:3: 537 daAuts
